 Dungeon Crawl Stone Soup version 0.28.0 (webtiles) character file.

Game seed: 6800021510585547879

30 Impy the Chopper (level 3, -2/28 HPs)
             Began as a Demonspawn Gladiator on Feb 9, 2022.
             Slain by a worm (7 damage)
             ... on level 2 of the Dungeon.
             The game lasted 00:02:46 (1426 turns).

Impy the Chopper (Demonspawn Gladiator)             Turns: 1426, Time: 00:02:48

Health: -2/28      AC:  7    Str: 16    XL:     3   Next: 5%
Magic:  3/3        EV: 12    Int:  9    God:
Gold:   71         SH:  4    Dex: 14    Spells: 2/2 levels left

rFire   . . .      SeeInvis .   a - +0 war axe
rCold   . . .      Faith    .   (no shield)
rNeg    . . .      Spirit   .   b - +1 leather armour
rPois   .          Reflect  .   c - +0 helmet
rElec   .          Harm     .   (no cloak)
rCorr   .          Rampage  .   (no gloves)
Will    .....                   (no boots)
Stlth   +.........              (no amulet)
HPRegen 0.09/turn               (no ring)
MPRegen 0.08/turn               (no ring)

@: lethally poisoned (-2 -> -8)
A: thin metallic scales 1, condensation shield
a: no special abilities


You were on level 2 of the Dungeon.
You visited 1 branch of the dungeon, and saw 2 of its levels.

You collected 71 gold pieces.

Inventory:

Hand Weapons
 a - a +0 war axe (weapon)
 f - the +8 short sword of Inference {distort, *Noise Fly Str+3 Dex+3}
   (You found it on level 2 of the Dungeon)

   It warps and distorts space around it, and may blink, banish, or inflict
   extra damage upon those it strikes.
   Unwielding it can cause banishment or high damage.
   Str:       It affects your strength (+3).
   Dex:       It affects your dexterity (+3).
   Fly:       It grants you flight.
   *Noise:    It may make noises in combat.
Missiles
 d - 4 throwing nets (quivered)
Armour
 b - a +1 leather armour (worn)
 c - a +0 helmet (worn)
Scrolls
 e - 2 scrolls of identify
 g - 2 scrolls of teleportation


   Skills:
 + Level 2.9 Fighting
 + Level 3.3 Axes
 - Level 1.7 Throwing
 - Level 2.6 Dodging


You had 2 spell levels left.
You didn't know any spells.
Your spell library was empty.

Dungeon Overview and Level Annotations

Branches:
Dungeon (2/15)

Altars:


Innate Abilities, Weirdness & Mutations

You are partially covered in thin metallic scales. (AC +2)
A meltable shield of frost defends you. (SH +4)


Message History

f - the +8 short sword of Inference {distort, *Noise Fly Str+3 Dex+3} A worm comes into view.
An adder comes into view.
The adder hisses angrily.
The worm bites you!
You hit the worm.
The worm is lightly wounded.
The worm bites you but does no damage.
You hit the worm.
The worm is moderately wounded.
You barely miss the worm.
The worm is moderately wounded.
You barely miss the adder. The adder misses you. The worm barely misses you.
You hit the worm.
The worm is moderately wounded.
You barely miss the adder. The adder misses you. You block the adder's attack.
The worm closely misses you.
You slash the worm!
The worm is severely wounded.
You miss the adder. The adder barely misses you. The worm barely misses you.
The adder closely misses you.
You hit the worm.
The worm is almost dead.
You hit the adder. The adder bites you but does no damage. The worm bites you!
The adder bites you.
You are too injured to fight recklessly!
You barely miss the worm.
The worm is almost dead.
You hit the adder but do no damage. The adder misses you.
You hit the worm.
The worm is almost dead.
You closely miss the adder. The adder bites you.
The worm bites you but does no damage. The adder closely misses you.
You barely miss the worm.
The worm is almost dead.
You barely miss the adder. The adder bites you.
* * * LOW HITPOINT WARNING * * *
You are lethally poisoned!
The adder poisons you! The worm bites you!
You die...

############
#..........#
#..........###
......w.....>#
#.....S@...#.##
#.............#
#.............#
#.............#
#.............#
#.............#
.#######......#
#<###.## #.#
#.#


You could see a worm and an adder.

Vanquished Creatures
  3 dart slugs (D:1)
  5 bats (D:1)
  2 endoplasms (D:1)
  2 goblins (D:1)
  A hobgoblin (D:1)
  4 kobolds (D:1)
  A quokka (D:1)
  4 rats (D:1)
22 creatures vanquished.

Notes
Turn   | Place    | Note
-------+----------+-------------------------------------------
     0 | D:1      | Impy the Demonspawn Gladiator began the quest for the Orb.
     0 | D:1      | Reached XP level 1. HP: 16/16 MP: 1/1
   292 | D:1      | Reached skill level 3 in Axes
   292 | D:1      | Gained mutation: A meltable shield of frost defends you.
                  | (SH +4) [demonic ancestry]
   292 | D:1      | Reached XP level 2. HP: 5/23 MP: 2/2
  1180 | D:1      | Gained mutation: You are partially covered in thin metallic
                  | scales. (AC +2) [demonic ancestry]
  1180 | D:1      | Reached XP level 3. HP: 28/28 MP: 3/3
  1411 | D:2      | Identified the +8 short sword of Inference {distort, *Noise
                  | Fly Str+3 Dex+3}
  1426 | D:2      | Slain by a worm

Illustrated notes

Levels and vault maps discovered:
D:1:      wander_arrival_fairy_ring, layout_loops_corners, minmay_tromino_v4_b
D:2:      layout_basic, ebering_ecumenical_altar_petrified

Skill      XL: |  1 |
---------------+----+-----
Axes           | 3 |  3.3
Fighting       | |  2.9
Throwing       | |  1.7
Dodging        | |  2.6

Action                   || total
-------------------------++-------
Melee: War axe           ||    64
  Use: Scroll            ||     3
 Stab: Sleeping          ||     1
Armor: Leather armour    ||    21
Dodge: Dodged            ||    47
Block: Other             ||     3
